 Dungeon Crawl Stone Soup version 0.28-a0-852-gbbce81c95b (webtiles) character file.

Game seed: 7319919627807018805

2011 Ijustatesigmund the Fighter (level 9, -5/60 HPs)
             Began as a Gargoyle Fighter on Nov 15, 2021.
             Shot with an arrow by a centaur (7 damage)
             ... on level 7 of the Dungeon.
             The game lasted 00:11:48 (8904 turns).

Ijustatesigmund the Fighter (Gargoyle Fighter)      Turns: 8904, Time: 00:11:49

Health: -5/60      AC: 23    Str: 20    XL:     9   Next: 22%
Magic:  9/9        EV:  7    Int: 12    God:
Gold:   386        SH:  4    Dex:  9    Spells: 8/8 levels left

rFire   . . .      SeeInvis .   a - +2 flail (vorpal)
rCold   . . .      Faith    .   c - +0 buckler
rNeg    + . .      Spirit   .   b - +0 chain mail
rPois   ∞          Reflect  .   (no helmet)
rElec   +          Harm     .   j - +2 cloak {rPois}
rCorr   .          Rampage  .   p - +1 pair of gloves
Will    .....                   f - +0 pair of boots
Stlth   ..........              (no amulet)
HPRegen 0.20/turn               (no ring)
MPRegen 0.11/turn               (no ring)

@: marked, on berserk cooldown, slowed, studying Hexes, invisible, very slow
A: sickness immunity, AC +6, negative energy resistance 1, electricity
resistance, torment resistance 1, petrification resistance
a: no special abilities


You were on level 7 of the Dungeon.
You visited 1 branch of the dungeon, and saw 7 of its levels.

You collected 386 gold pieces.

Inventory:

Hand Weapons
 a - a +2 vorpal flail (weapon)
Armour
 b - a +0 chain mail (worn)
 c - a +0 buckler (worn)
 f - a +0 pair of boots (worn)
 j - a +2 cloak of poison resistance (worn)
 p - a +1 pair of gloves (worn)
Wands
 e - a wand of flame (21)
 k - a wand of mindburst (4)
 r - a wand of polymorph (4)
Scrolls
 t - a scroll of fog
Potions
 h - 2 potions of attraction
 i - a potion of mutation
 m - a potion of magic
 n - 5 potions of might
 s - 2 potions of degeneration {unknown}


   Skills:
 + Level 8.5 Fighting
 + Level 7.4 Maces & Flails
 + Level 6.7 Armour
 - Level 3.2 Shields
 - Level 2.1 Evocations


You had 8 spell levels left.
You didn't know any spells.
Your spell library contained the following spells:

 Spells                   Type           Power      Damage    Failure   Level
 Slow                     Hex            0%         N/A       97%         1
 Confusing Touch          Hex            0%         N/A       100%        3
 Vampiric Draining        Necr           0%         2d6       100%        3


Dungeon Overview and Level Annotations

Branches:
Dungeon (7/15)             Temple (0/1) D:7

Altars:

Shops:
D:3 :

Annotations:
D:4 2 runed translucent doors, paps's ghost, amateur OpDe
D:5 3 runed translucent doors, paps's ghost, weakling OpDe
D:7 Dowan; Duvessa; Harold; Menkaure


Innate Abilities, Weirdness & Mutations

You are immune to sickness and miasma.
Your stone body is resilient. (AC +6)
You are immune to poison.
You resist negative energy. (rN+)
You are resistant to electric shocks. (rElec)
You are resistant to unholy torment.
You are immune to petrification.


Message History

* * * LOW HITPOINT WARNING * * *
You hear a shout!
You fade into invisibility!
The centaur shoots an arrow.
You block the arrow.
Dowan, Brother of Duvessa comes into view.
He is wielding a +0 dagger.
An orc comes into view. It is wielding a +0 dagger.
Menkaure, Prince of Dust comes into view.
Dowan points at you and mumbles some strange words.
Duvessa easily resists.
A wight comes into view. It is wielding a +0 mace.
The orc moves out of view.
You feel better.
The centaur shoots an arrow.
The arrow hits you.
* * * LOW HITPOINT WARNING * * *
The centaur shoots an arrow.
The arrow barely misses you. Duvessa hits you but does no damage.
Menkaure casts a spell.
Menkaure seems to speed up.
Duvessa barely misses you.
Okay, then.
You hit Duvessa.
Duvessa is lightly wounded.
The centaur shoots an arrow.
The arrow hits the orc wizard.
The orc barely misses you.
The orc wizard hits you but does no damage.
Duvessa hits you with a +0 short sword.
* * * LOW HITPOINT WARNING * * *
The orc barely misses you. Dowan gestures at you while chanting.
The puff of flame hits you but does no damage.
The orc hits you but does no damage. The orc wizard closely misses you.
Menkaure calls on the powers of darkness!
The orc convulses! x3; You feel a surge of unholy energy.
The orc wizard convulses!
The centaur convulses!
Dowan convulses!
You catch the helpless orc completely off-guard!
You hit the orc.
The orc is almost dead.
The centaur shoots an arrow.
The arrow hits the orc wizard!
The orc wizard dies!
You block Duvessa's attack. Dowan barely misses you. The orc barely misses you.
The centaur shoots an arrow.
The arrow hits you!
You die...

.#######
...... #
..... ..
#.... .##
...###...#
.z.......
#ee...#
#@)c..#
#oo...#


on....... ...###.... M.... ... #..... .# ...... # ##...... You could see
Duvessa, a necrophage, Menkaure (fast), Dowan, a centaur, a wight and 3 orcs.

Vanquished Creatures
  Eustachio (D:6)
  A steam dragon (D:7)
  A water moccasin (D:7)
  An orc warrior (D:6)
  3 sky beasts
  A necrophage (D:5)
  A centaur (D:6)
  2 ogres (D:5)
  A scorpion (D:4)
  A howler monkey (D:7)
  A centaur zombie (D:6)
  A gnoll shaman (D:6)
  A hound (D:4)
  A centaur skeleton (D:7)
  4 orc priests
  Crazy Yiuf (D:3)
  2 bullfrog skeletons
  Jessica (D:2)
  Terence (D:2)
  An iguana (D:4)
  4 orc wizards
  A howler monkey zombie (D:5)
  10 gnolls
  11 adders
  2 white imps (D:6)
  2 adder skeletons
  3 worms
  2 dart slugs
  15 orcs
  6 endoplasms
  2 giant cockroaches (D:3)
  10 goblins
  7 hobgoblins
  2 jackals (D:4)
  8 kobolds
  2 quokkas (D:2)
  6 ball pythons
  4 bats (D:1)
  10 frilled lizards
  3 rats
  A spectral goblin (D:1)
138 creatures vanquished.

Vanquished Creatures (others)
  An orc wizard (D:7)
1 creature vanquished.

Grand Total: 139 creatures vanquished

Notes
Turn   | Place    | Note
-------+----------+-------------------------------------------
     0 | D:1      | Ijustatesigmund the Gargoyle Fighter began the quest for
                  | the Orb.
     0 | D:1      | Reached XP level 1. HP: 14/14 MP: 1/1
   126 | D:1      | Found a faded altar of an unknown god.
   395 | D:1      | Reached XP level 2. HP: 19/19 MP: 2/2
  1158 | D:2      | Reached skill level 4 in Fighting
  1158 | D:2      | Reached XP level 3. HP: 12/24 MP: 3/3
  1532 | D:2      | Noticed Jessica
  1538 | D:2      | Killed Jessica
  1539 | D:2      | Reached XP level 4. HP: 30/30 MP: 4/4
  1916 | D:2      | Noticed Terence
  1923 | D:2      | Killed Terence
  1934 | D:2      | Reached XP level 5. HP: 30/34 MP: 5/5
  2163 | D:2      | Reached skill level 5 in Fighting
  2787 | D:3      | You fall into a shaft and drop 2 floors!
  2787 | D:5      | Entered Level 5 of the Dungeon
  3091 | D:4      | Reached XP level 6. HP: 38/41 MP: 6/6
  3350 | D:4      | Reached skill level 6 in Fighting
  3372 | D:4      | Reached skill level 5 in Maces & Flails
  3818 | D:3      | Found Cachulit's Book Shop.
  4180 | D:3      | Reached XP level 7. HP: 40/46 MP: 7/7
  4688 | D:3      | Identified a scroll of acquirement
  4688 | D:3      | Acquired a manual of Hexes
  4760 | D:3      | Found a runed translucent door.
  4761 | D:3      | Noticed Crazy Yiuf
  4770 | D:3      | Killed Crazy Yiuf
  4931 | D:3      | Reached skill level 1 in Evocations
  5033 | D:4      | Found a large runed translucent door.
  5033 | D:4      | Found a large runed translucent door.
  5034 | D:4      | Noticed paps's ghost (amateur OpDe)
  6172 | D:5      | Reached skill level 7 in Fighting
  6172 | D:5      | Reached XP level 8. HP: 43/53 MP: 8/8
  7041 | D:5      | Found a runed translucent gate.
  7041 | D:5      | Found a runed translucent gate.
  7042 | D:5      | Found a runed translucent gate.
  7044 | D:5      | Noticed paps's ghost (weakling OpDe)
  7287 | D:6      | Reached skill level 5 in Armour
  7763 | D:6      | Noticed Eustachio
  7766 | D:6      | Killed Eustachio
  8080 | D:6      | Reached skill level 8 in Fighting
  8440 | D:6      | Reached XP level 9. HP: 39/59 MP: 9/9
  8882 | D:7      | Noticed Harold
  8900 | D:7      | Found a staircase to the Ecumenical Temple.
  8900 | D:7      | Noticed Duvessa
  8900 | D:7      | HP: 1/60 [centaur/arrow (4)]
  8901 | D:7      | Noticed Dowan
  8901 | D:7      | Noticed Menkaure
  8904 | D:7      | Shot with an arrow by a centaur

Illustrated notes

Levels and vault maps discovered:
D:1:      ebering_trefoil_3fold, layout_basic, serial_curves, eino_curves_04,
          eino_curves_03, dreamdust_ecumenical_altar_drowned_temple,
          amcnicky_mini_corridor_feature
D:2:      layout_rooms, minmay_lizard_pond, uniq_jessica, uniq_terence
D:3:      layout_rooms, serial_shops, nicolae_shop_trees,
          uniq_crazy_yiuf_cottage
D:4:      layout_basic, ebering_ghost_disaster_area
D:5:      layout_basic, ebering_ghost_rock_garden
D:6:      layout_basic, uniq_eustachio
D:7:      layout_loops_ring, minmay_temple_entry_tees,
          ebering_ghost_rock_garden, kennysheep_cross_bottleneck, st_stairs_3,
          uniq_joseph, uniq_duvessa, uniq_harold, uniq_menkaure

Skill      XL: |  1  2  3  4  5  6  7  8 |
---------------+-------------------------+-----
Fighting       | 4 5 6 7 8 |  8.5
Maces & Flails | 3 4 5 7 |  7.4
Evocations     | 2 |  2.1
Armour         | 4 6 |  6.7
Shields        | |  3.2

Action                   |  1- 3 |  4- 6 |  7- 9 || total
-------------------------+-------+-------+-------++-------
Melee: Flail             |    81 |   242 |   321 ||   644
Evoke: Wand              |       |     9 |    11 ||    20
  Use: Scroll            |     1 |     1 |    12 ||    14
       Potion            |       |     3 |     4 ||     7
 Stab: Paralysed         |       |     1 |       ||     1
       Invisible         |       |       |     1 ||     1
Armor: Scale mail        |    58 |    41 |       ||    99
       Chain mail        |       |   134 |   213 ||   347
Dodge: Dodged            |    42 |    74 |    88 ||   204
Block: Buckler           |    18 |    49 |    45 ||   112

Table legend: (Time is in decaauts)
 A = Elapsed time spent in this place.
 B = Non-inter-level travel time spent in this place.
 C = Inter-level travel time spent in this place.
 D = Time resting spent in this place.
 E = Time spent auto-exploring this place.
 F = Levels seen in this place.
 G = Mean time per level.
                   A        B        C        D        E       F      G
               +--------+--------+--------+--------+--------+-----+--------+
         Total |   9042 |   8868 |    174 |   2502 |   4982 |   7 | 1291.7 |
       Dungeon |   9042 |   8868 |    174 |   2502 |   4982 |   7 | 1291.7 |
               +--------+--------+--------+--------+--------+-----+--------+

Top non-repeatable levels by time:
     D:5: 1794 daAuts
     D:4: 1684 daAuts
     D:3: 1627 daAuts
     D:1: 1380 daAuts
     D:6: 1336 daAuts
     D:2: 1032 daAuts
     D:7: 187 daAuts
